 Dungeon Crawl Stone Soup version 0.21-a0-513-gdcb3f5e (webtiles) character file.

676 Gerstahl the Skirmisher (level 7, -19/58 HPs)
             Began as a Demonspawn Gladiator on Dec 2, 2017.
             Was an Initiate of Gozag.
             Demolished by an ogre
             ... wielding a +0 giant club
              (22 damage)
             ... on level 5 of the Dungeon.
             The game lasted 00:06:11 (3632 turns).

Gerstahl the Skirmisher (Demonspawn Gladiator)      Turns: 3632, Time: 00:06:12

Health: -19/58     AC:  9    Str: 15    XL:     7   Next: 33%
Magic:  0/7        EV: 16    Int:  9    God:    Gozag
Gold:   254        SH:  0    Dex: 21    Spells: 6/6 levels left

rFire    . . .     SeeInvis .   a - +1 trident
rCold    + . .     Gourm    .   (no shield)
rNeg     . . .     Faith    .   w - +2 scale mail {rC+}
rPois    .         Spirit   +   c - +0 helmet
rElec    .         Reflect  .   (no cloak)
rCorr    .         Harm     .   (no gloves)
MR       .....                  (no boots)
Stlth    +.........             (no amulet)
HPRegen  0.19/turn              (no ring)
MPRegen  0.10/turn              (no ring)

@: agile
A: claws 1, powered by death 1, magic shield
a: Potion Petition, Call Merchant, Bribe Branch, Renounce Religion


You were on level 5 of the Dungeon.
You worshipped Gozag.
Gozag was aware of your devotion.
You were not hungry.

You visited 1 branch of the dungeon, and saw 5 of its levels.

You collected 320 gold pieces.
You paid 66 gold pieces to Gozag.

Inventory:

Hand Weapons
 a - a +1 trident (weapon)
Missiles
 d - 3 throwing nets (quivered)
Armour
 b - a +0 leather armour
 c - a +0 helmet (worn)
 w - a +2 scale mail of cold resistance (worn)
Jewellery
 j - an uncursed ring of ice {unknown}
 m - an uncursed ring of magical power {unknown}
Wands
 y - a wand of polymorph (10)
Scrolls
 g - 3 scrolls of remove curse
 l - 2 scrolls of magic mapping {unknown}
 n - a scroll of fear {unknown}
 o - a scroll of enchant weapon
 p - 4 scrolls of identify {unknown}
 q - 3 scrolls of teleportation {unknown}
 t - 3 scrolls of blinking {unknown}
 v - 2 scrolls of amnesia {unknown}
Potions
 e - a potion of agility
 h - a potion of magic {unknown}
 r - a potion of degeneration {unknown}
 s - a potion of haste {unknown}
 u - a potion of brilliance {unknown}
 x - a potion of flight {unknown}
Comestibles
 f - 2 bread rations
 i - 3 meat rations


   Skills:
 + Level 6.0 Fighting
 + Level 5.8 Polearms
 - Level 1.7 Throwing
 - Level 2.6 Dodging


You had 6 spell levels left.
You didn't know any spells.

Dungeon Overview and Level Annotations

Branches:
Dungeon (5/15)
 Temple: D:4-7

Altars:
Gozag
Hepliaklqana
Okawaru
Ru
Sif Muna
Vehumet
The Shining One

Annotations:
D:5 Grinder


Innate Abilities, Weirdness & Mutations

You have sharp fingernails.
You regenerate a little health from kills.
When hurt, damage is shared between your health and your magic reserves.


Message History

* * * LOW HITPOINT WARNING * * *
The ogre hits you with a giant club!
* * * LOW HITPOINT WARNING * * *
The orc misses you.
It was a potion of agility.
You feel agile all of a sudden. The orc barely misses you. The orc misses you.
The ogre completely misses you.
As you read the scroll labeled FOUNLU VUPONE, it crumbles to dust.
You feel blessed for a moment.
It was a scroll of remove curse.
The orc hits you but does no damage. x2
As you read the scroll labeled QETYARUSTRA, it crumbles to dust.
It is a scroll of enchant weapon.
Your +0 trident glows red for a moment.
The ogre closely misses you. The orc barely misses you.
The orc closely misses you.
Okay, then.
You closely miss the orc.
The orc is heavily wounded.
The ogre hits you with a giant club!!
You die...
Your body crumbles into a pile of gold.

#.# # #5#
#.# #.# #.#
#.# #.# .##
#o####.....
#.O@o....#
##########


You could see an ogre and 2 orcs.

Vanquished Creatures
  Eustachio (D:4)
  An ogre (D:4)
  3 hounds (D:4)
  An orc priest (D:4)
  3 orc wizards
  2 worker ants (D:4)
  An iguana (D:4)
  A gnoll (D:4)
  7 adders
  3 oozes
  A worm (D:2)
  2 dart slugs
  2 leopard geckos
  9 orcs
  3 bats
  5 giant cockroaches
  8 goblins
  10 hobgoblins
  2 jackals (D:4)
  8 kobolds
  A quokka (D:2)
  3 ball pythons
  2 frilled lizards
  A jackal skeleton (D:4)
  A leopard gecko skeleton (D:4)
  6 rats
87 creatures vanquished.

Notes
Turn   | Place    | Note
-------+----------+-------------------------------------------
     0 | D:1      | Gerstahl the Demonspawn Gladiator began the quest for the Orb.
     0 | D:1      | Reached XP level 1. HP: 16/16 MP: 1/1
    73 | D:1      | Gained mutation: You regenerate a little health from kills. [demonic ancestry]
    73 | D:1      | Reached XP level 2. HP: 19/23 MP: 2/2
   322 | D:1      | Gained mutation: You have sharp fingernails. [demonic ancestry]
   322 | D:1      | Reached XP level 3. HP: 18/28 MP: 3/3
   671 | D:2      | Reached skill level 3 in Fighting
  1125 | D:3      | Reached XP level 4. HP: 28/35 MP: 4/4
  1842 | D:3      | Gained mutation: When hurt, damage is shared between your health and your magic reserves. [demonic ancestry]
  1842 | D:3      | Reached XP level 5. HP: 42/42 MP: 5/5
  2066 | D:3      | Reached skill level 4 in Fighting
  2282 | D:4      | Found a radiant altar of Vehumet.
  2681 | D:4      | Reached XP level 6. HP: 28/49 MP: 6/6
  2852 | D:4      | Found a hazy altar of Hepliaklqana.
  2853 | D:4      | Found a sacrificial altar of Ru.
  2853 | D:4      | Found a glowing golden altar of the Shining One.
  2853 | D:4      | Found an iron altar of Okawaru.
  2861 | D:4      | Found a deep blue altar of Sif Muna.
  2863 | D:4      | Found an opulent altar of Gozag.
  2878 | D:4      | Became a worshipper of Gozag Ym Sagoz the Greedy
  2985 | D:4      | Reached skill level 5 in Fighting
  2985 | D:4      | Reached skill level 5 in Polearms
  3220 | D:4      | Noticed Eustachio
  3300 | D:4      | Killed Eustachio
  3300 | D:4      | Reached XP level 7. HP: 45/57 MP: 5/7
  3578 | D:5      | Entered Level 5 of the Dungeon
  3578 | D:5      | Found an iron altar of Okawaru.
  3587 | D:5      | Noticed Grinder
  3604 | D:5      | Reached skill level 6 in Fighting
  3625 | D:5      | HP: 2/58 [ogre/giant club (10)]
  3632 | D:5      | Demolished by an ogre

Vault maps used:
D:1:      evilmike_arrival_hilbert_curve
D:3:      first_bread
D:4:      minmay_overflow_temple_hex, nicolae_overflow_crystal_walls,
          cheibrodos_gnoll_hut, uniq_eustachio
D:5:      minmay_temple_entry_enclosed_plants, serial_shops,
          nicolae_shop_statue_plus, okawaru_ov_weapons_minmay, uniq_grinder

Skill      XL: |  1  2  3  4  5  6  7 |
---------------+----------------------+-----
Polearms       | 3 4 5 |  5.8
Fighting       | 3 4 5 6 |  6.0
Throwing       | |  1.7
Dodging        | |  2.6

Action                   |  1- 3 |  4- 6 |  7- 9 || total
-------------------------+-------+-------+-------++-------
Melee: Trident           |   122 |   193 |    51 ||   366
       Unarmed           |       |    23 |       ||    23
  Use: Potion            |       |       |     3 ||     3
       Scroll            |       |       |     2 ||     2
 Stab: Sleeping          |       |     3 |       ||     3
  Eat: Chunk             |       |     5 |       ||     5
       Bread ration      |       |     1 |       ||     1
Armor: Leather armour    |    25 |    19 |       ||    44
       Scale mail        |       |    31 |    26 ||    57
       Skin              |       |    16 |       ||    16
Dodge: Dodged            |    61 |   132 |    45 ||   238

Table legend:
 A = Spawn XP
 B = Non-spawn XP
 C = Spawn XP percentage of total XP
 D = Spawn monster count
 E = Non-spawn monster count
 F = Spawn count percentage of total count
 G = Total turns spent on level
                    A         B        C        D         E        F      G
               +---------+---------+-------+---------+---------+-------+---------
         Total |       0 |     967 |   0.0 |       0 |      87 |   0.0 |  3632
               +---------+---------+-------+---------+---------+-------+---------
           D:1 |       0 |      50 |   0.0 |       0 |      22 |   0.0 |   660
           D:2 |       0 |      39 |   0.0 |       0 |      15 |   0.0 |   440
           D:3 |       0 |     125 |   0.0 |       0 |      19 |   0.0 |  1182
           D:4 |       0 |     673 |   0.0 |       0 |      27 |   0.0 |  1296
           D:5 |       0 |      80 |   0.0 |       0 |       4 |   0.0 |    54
               +---------+---------+-------+---------+---------+-------+---------
